A- - U25
ROSEBURG OWLS @ STATE COLLEGE SPIKES
08/14/2053
 
TOP OF THE 1ST
New Westminster Cavalry batting - Pitching for Tri-City Dust Devils : LHP Teodósio Otero
Pitching: LHP Teodósio Otero
Batting: RHB Powell Kobliska 0-0: Ball
1-0: Ground out 4-3 (Groundball, 4, EV 81.2 MPH)
Batting: RHB Mike Sterner 0-0: Called Strike
0-1: Ball
1-1: TRIPLE (Line Drive, 89XD, EV 104.4 MPH)
Batting: SHB Ross Wallace 0-0: Ball
1-0: Ball
2-0: Called Strike
2-1: Foul Ball, location: 2F
2-2: Foul Ball, location: 2F
2-2: Ground out 6-3 (Groundball, 6, EV 88.1 MPH)
Mike Sterner scores
Batting: RHB Laurencio Montañez 0-0: Called Strike
0-1: Ball
1-1: Foul Ball, location: 2F
1-2: Foul Ball, location: 2F
1-2: Foul Ball, location: 2F
1-2: Strikes out swinging passed ball, reaches first!
Batting: RHB Sebastian McClung 0-0: Ball
1-0: Ball
2-0: Foul Ball, location: 2F
2-1: Called Strike
2-2: Foul Ball, location: 2F
2-2: Strikes out looking
Top of the 1st over - 1 run, 1 hit, 0 errors, 1 left on base; New Westminster 1 - Tri-City 0
BOTTOM OF THE 1ST
Tri-City Dust Devils batting - Pitching for New Westminster Cavalry : RHP Kane Latham
Pitching: RHP Kane Latham
Batting: RHB Miguel Campos 0-0: Ball
1-0: Swinging Strike
1-1: Ball
2-1: Foul Ball, location: 2F
2-2: Foul Ball, location: 2F
2-2: Ball
3-2: Ground out 6-3 (Groundball, 6, EV 83.1 MPH)
Batting: RHB Dom García 0-0: Ball
1-0: Called Strike
1-1: Ball
2-1: Called Strike
2-2: SINGLE (Groundball, 6, EV 96.9 MPH)
Batting: RHB Yovi Pizana 0-0: Ball
1-0: Ball
2-0: Swinging Strike
2-1: TRIPLE (Flyball, 9LD, EV 104.4 MPH)
Dom García scores
Batting: RHB Yasman Olbera 0-0: Ball
1-0: Fly out, F9 (Flyball, 9D, EV 93.8 MPH)
Runner from 3rd tags up, SCORES, no throw by RF
Batting: RHB Wesley Yutzy 0-0: Ball
1-0: Foul Ball, location: 2F
1-1: Ball
2-1: SINGLE (Flyball, 78S, EV 91.2 MPH)
Batting: LHB Bobby Patton 0-0: Ball
1-0: Ball
2-0: Foul Ball, location: 2F
2-1: Foul Ball, location: 2F
2-2: Ball
3-2: Foul Ball, location: 2F
3-2: Base on Balls
Wesley Yutzy to second
Batting: RHB Con Lanier 0-0: Fielders Choice at 2nd, 6-4 (Groundball, 56, EV 76.9 MPH)
Bottom of the 1st over - 2 runs, 3 hits, 0 errors, 2 left on base; New Westminster 1 - Tri-City 2
TOP OF THE 2ND
New Westminster Cavalry batting - Pitching for Tri-City Dust Devils : LHP Teodósio Otero
Batting: RHB Moise German 0-0: Ball
1-0: Ball
2-0: Called Strike
2-1: Ball
3-1: Swinging Strike
3-2: Base on Balls
Batting: RHB Jeremiah Johnson 0-0: Called Strike
0-1: Ball
1-1: Foul Ball, location: 2F
1-2: SINGLE (Groundball, 56D, EV 102.5 MPH)
Moise German to second
Batting: RHB J.D. Mastrorilli 0-0: Called Strike
0-1: Ball
1-1: Swinging Strike
1-2: Foul Ball, location: 2F
1-2: Strikes out swinging
Batting: LHB Hernán Garcia 0-0: Called Strike
0-1: Ball
1-1: Ball
2-1: Foul Ball, location: 2F
2-2: Ball
3-2: Foul Ball, location: 2F
3-2: Base on Balls
Moise German to third
Jeremiah Johnson to second
Batting: RHB Powell Kobliska 0-0: Called Strike
0-1: Swinging Strike
0-2: Strikes out swinging
Batting: RHB Mike Sterner 0-0: Foul Ball, location: 2F
0-1: Ball
1-1: Fly out, F9 (Flyball, 9LM, EV 88.8 MPH)
Top of the 2nd over - 0 runs, 1 hit, 0 errors, 3 left on base; New Westminster 1 - Tri-City 2
BOTTOM OF THE 2ND
Tri-City Dust Devils batting - Pitching for New Westminster Cavalry : RHP Kane Latham
Batting: RHB Sylvester Adams 0-0: Called Strike
0-1: Called Strike
0-2: Foul Ball, location: 2F
0-2: Ball
1-2: Ball
2-2: Fly out, F6 (Popup, 6S, EV 74.4 MPH)
Batting: LHB Jeremiah Davis 0-0: Ball
1-0: Ball
2-0: Called Strike
2-1: Ball
3-1: Base on Balls
Batting: RHB Miguel Campos 0-0: Ball
1-0: Fly out, F8 (Line Drive, 8RM, EV 96.2 MPH)
Batting: RHB Dom García 0-0: Ball
1-0: Foul Ball, location: 2F
1-1: Foul Ball, location: 2F
1-2: Strikes out swinging
Bottom of the 2nd over - 0 runs, 0 hits, 0 errors, 1 left on base; New Westminster 1 - Tri-City 2
TOP OF THE 3RD
New Westminster Cavalry batting - Pitching for Tri-City Dust Devils : LHP Teodósio Otero
Batting: SHB Ross Wallace 0-0: Ball
1-0: Called Strike
1-1: Ball
2-1: Ground out 6-3 (Groundball, 6, EV 82.5 MPH)
Batting: RHB Laurencio Montañez 0-0: Foul Ball, location: 2F
0-1: Ball
1-1: Ball
2-1: Fly out, F7 (Flyball, 7S, EV 76.9 MPH)
Batting: RHB Sebastian McClung 0-0: Ground out 5-3 (Groundball, 56, EV 80.6 MPH)
Top of the 3rd over - 0 runs, 0 hits, 0 errors, 0 left on base; New Westminster 1 - Tri-City 2
BOTTOM OF THE 3RD
Tri-City Dust Devils batting - Pitching for New Westminster Cavalry : RHP Kane Latham
Batting: RHB Yovi Pizana 0-0: Ball
1-0: Fly out, F8 (Flyball, 78XD, EV 100.0 MPH)
Batting: RHB Yasman Olbera 0-0: Ball
1-0: Ball
2-0: Foul Ball, location: 2F
2-1: Fly out, F8 (Flyball, 8RM, EV 89.4 MPH)
Batting: RHB Wesley Yutzy 0-0: Ball
1-0: Ball
2-0: Ball
3-0: Called Strike
3-1: Base on Balls
Batting: LHB Bobby Patton 0-0: Ball
1-0: Ball
2-0: Called Strike
2-1: Foul Ball, location: 2F
2-2: Ball
3-2: Foul Ball, location: 2F
3-2: Fly out, F7 (Flyball, 78M, EV 81.9 MPH)
Bottom of the 3rd over - 0 runs, 0 hits, 0 errors, 1 left on base; New Westminster 1 - Tri-City 2
TOP OF THE 4TH
New Westminster Cavalry batting - Pitching for Tri-City Dust Devils : LHP Teodósio Otero
Batting: RHB Moise German 0-0: Called Strike
0-1: Ball
1-1: Ball
2-1: Fly out, F6 (Line Drive, 6, EV 63.1 MPH)
Batting: RHB Jeremiah Johnson 0-0: Ball
1-0: Fly out, F4 (Flyball, 34D, EV 81.9 MPH)
Batting: RHB J.D. Mastrorilli 0-0: Foul Ball, location: 2F
0-1: Foul Ball, location: 2F
0-2: Ball
1-2: Ball
2-2: Foul Ball, location: 2F
2-2: Strikes out swinging
Top of the 4th over - 0 runs, 0 hits, 0 errors, 0 left on base; New Westminster 1 - Tri-City 2
BOTTOM OF THE 4TH
Tri-City Dust Devils batting - Pitching for New Westminster Cavalry : RHP Kane Latham
Batting: RHB Con Lanier 0-0: Swinging Strike
0-1: Swinging Strike
0-2: Ball
1-2: Ball
2-2: SINGLE (Groundball, 34, EV 106.2 MPH)
Batting: RHB Sylvester Adams 0-0: Ball
1-0: Foul Ball, location: 2F
1-1: Ball
2-1: Ball
3-1: Foul Ball, location: 2F
3-2: SINGLE (Groundball, 34, EV 93.8 MPH) (infield hit)
Con Lanier to second
Batting: LHB Jeremiah Davis 0-0: Ball
1-0: Foul Ball, location: 2F
1-1: Foul Ball, location: 2F
1-2: Ball
2-2: Foul Ball, location: 2F
2-2: Ball
3-2: Base on Balls
Con Lanier to third
Sylvester Adams to second
Batting: RHB Miguel Campos 0-0: SINGLE (Groundball, 4MD, EV 103.1 MPH)
Con Lanier scores
Sylvester Adams to third
Jeremiah Davis to second
Batting: RHB Dom García 0-0: Ball
1-0: Ball
2-0: Ball
3-0: Swinging Strike
3-1: Base on Balls
Sylvester Adams scores
Jeremiah Davis to third
Miguel Campos to second
Pitching: RHP Quack Benson
Batting: RHB Yovi Pizana 0-0: Ball
1-0: Called Strike
1-1: Ball
2-1: Ball
3-1: GRAND SLAM HOME RUN (Line Drive, 78XD, EV 98.8 MPH), Distance : 393 ft
Batting: RHB Yasman Olbera 0-0: Ball
1-0: Called Strike
1-1: Ball
2-1: Foul Ball, location: 2F
2-2: Ball
3-2: Foul Ball, location: 2F
3-2: Foul Ball, location: 2F
3-2: Foul Ball, location: 2F
3-2: DOUBLE (Line Drive, 7LM, EV 104.4 MPH)
Batting: RHB Wesley Yutzy 0-0: Ground out 5-3 (Groundball, 15, EV 88.1 MPH)
Batting: LHB Bobby Patton 0-0: Ball
1-0: Foul Ball, location: 2F
1-1: Foul Ball, location: 2F
1-2: Ground out 4-3 (Groundball, 4, EV 100.0 MPH)
Yasman Olbera to third
Batting: RHB Con Lanier 0-0: Ball
1-0: Ground out 5-3 (Groundball, 5, EV 85.6 MPH)
Bottom of the 4th over - 6 runs, 5 hits, 0 errors, 1 left on base; New Westminster 1 - Tri-City 8
TOP OF THE 5TH
New Westminster Cavalry batting - Pitching for Tri-City Dust Devils : LHP Teodósio Otero
Batting: LHB Hernán Garcia 0-0: Ball
1-0: Ball
2-0: Foul Ball, location: 2F
2-1: Ball
3-1: Ground out 4-3 (Groundball, 4, EV 86.2 MPH)
Batting: RHB Powell Kobliska 0-0: Called Strike
0-1: Ball
1-1: Called Strike
1-2: Ball
2-2: Foul Ball, location: 2F
2-2: Strikes out swinging
Batting: RHB Mike Sterner 0-0: Ball
1-0: Foul Ball, location: 2F
1-1: Fly out, F4 (Popup, 4, EV 58.8 MPH)
Top of the 5th over - 0 runs, 0 hits, 0 errors, 0 left on base; New Westminster 1 - Tri-City 8
BOTTOM OF THE 5TH
Tri-City Dust Devils batting - Pitching for New Westminster Cavalry : RHP Quack Benson
Batting: RHB Sylvester Adams 0-0: Ball
1-0: Ground out 6-3 (Groundball, 6, EV 103.8 MPH)
Batting: LHB Jeremiah Davis 0-0: Called Strike
0-1: Foul Ball, location: 2F
0-2: Ground out 4-3 (Groundball, 4, EV 83.8 MPH)
Batting: RHB Miguel Campos 0-0: Ball
1-0: Ground out 5-3 (Groundball, 56, EV 90.6 MPH)
Bottom of the 5th over - 0 runs, 0 hits, 0 errors, 0 left on base; New Westminster 1 - Tri-City 8
TOP OF THE 6TH
New Westminster Cavalry batting - Pitching for Tri-City Dust Devils : LHP Teodósio Otero
Batting: SHB Ross Wallace 0-0: Ball
1-0: Ground out 6-3 (Groundball, 6, EV 85.6 MPH)
Batting: RHB Laurencio Montañez 0-0: Ball
1-0: Called Strike
1-1: Fly out, F8 (Flyball, 8LS, EV 69.4 MPH)
Batting: RHB Sebastian McClung 0-0: Called Strike
0-1: Fly out, F9 (Flyball, 9D, EV 92.5 MPH)
Top of the 6th over - 0 runs, 0 hits, 0 errors, 0 left on base; New Westminster 1 - Tri-City 8
BOTTOM OF THE 6TH
Tri-City Dust Devils batting - Pitching for New Westminster Cavalry : RHP Quack Benson
Batting: RHB Dom García 0-0: Ball
1-0: Called Strike
1-1: Ground out 6-3 (Groundball, 6, EV 79.4 MPH)
Batting: RHB Yovi Pizana 0-0: Foul Ball, location: 2F
0-1: Ground out 6-3 (Groundball, 6, EV 87.5 MPH)
Batting: RHB Yasman Olbera 0-0: Ball
1-0: Swinging Strike
1-1: Ball
2-1: Foul Ball, location: 2F
2-2: Strikes out looking
Bottom of the 6th over - 0 runs, 0 hits, 0 errors, 0 left on base; New Westminster 1 - Tri-City 8
TOP OF THE 7TH
New Westminster Cavalry batting - Pitching for Tri-City Dust Devils : LHP Teodósio Otero
Batting: RHB Moise German 0-0: Ball
1-0: SINGLE (Groundball, 5S, EV 66.2 MPH) (infield hit)
Pitching: RHP Poseidon Jiménez
Batting: RHB Jeremiah Johnson 0-0: Ball
1-0: Ball
2-0: Called Strike
2-1: Foul Ball, location: 2F
2-2: Grounds into double play, 5-4-3 (Groundball, 56S, EV 83.8 MPH)
Batting: RHB J.D. Mastrorilli 0-0: Fly out, F8 (Line Drive, 8LM, EV 102.5 MPH)
Top of the 7th over - 0 runs, 1 hit, 0 errors, 0 left on base; New Westminster 1 - Tri-City 8
BOTTOM OF THE 7TH
Tri-City Dust Devils batting - Pitching for New Westminster Cavalry : RHP Quack Benson
Batting: RHB Wesley Yutzy 0-0: Called Strike
0-1: Foul Ball, location: 2F
0-2: Fly out, F4 (Popup, 4, EV 58.8 MPH)
Pitching: RHP Dave Munn
Batting: LHB Bobby Patton 0-0: Ball
1-0: Foul Ball, location: 2F
1-1: Swinging Strike
1-2: Strikes out looking
Batting: RHB Con Lanier 0-0: Ball
1-0: Ball
2-0: DOUBLE (Line Drive, 89M, EV 106.9 MPH)
Batting: RHB Sylvester Adams 0-0: Ball
1-0: Ball
2-0: Ball
3-0: Called Strike
3-1: Base on Balls
Batting: LHB Jeremiah Davis 0-0: Foul Ball, location: 2F
0-1: Ball
1-1: Ball
2-1: Ball
3-1: SINGLE (Groundball, 4MD, EV 107.5 MPH)
Con Lanier to third
Sylvester Adams to second
Runner from 3rd tries for Home, SAFE, throw by CF to home
Batting: RHB Miguel Campos 0-0: Ball
1-0: Ball
2-0: Ball
3-0: Called Strike
3-1: Base on Balls
Sylvester Adams to third
Jeremiah Davis to second
Batting: RHB Dom García 0-0: Ball
1-0: Ball
2-0: Ball
3-0: Called Strike
3-1: Called Strike
3-2: Foul Ball, location: 2F
3-2: TRIPLE (Flyball, 9LD, EV 105.6 MPH)
Sylvester Adams scores
Jeremiah Davis scores
Miguel Campos scores
Pitching: RHP Gage Rolon
Batting: RHB Yovi Pizana 0-0: Called Strike
0-1: Swinging Strike
0-2: Ball
1-2: Foul Ball, location: 2F
1-2: Ball
2-2: Fly out, F6 (Popup, P, EV 91.9 MPH)
Bottom of the 7th over - 4 runs, 3 hits, 0 errors, 1 left on base; New Westminster 1 - Tri-City 12
TOP OF THE 8TH
New Westminster Cavalry batting - Pitching for Tri-City Dust Devils : RHP Poseidon Jiménez
Batting: LHB Hernán Garcia 0-0: Ball
1-0: Foul Ball, location: 2F
1-1: Ball
2-1: Ground out 4-3 (Groundball, 4, EV 105.6 MPH)
Pinch Hitting: RHB Jordan Watson 0-0: Fly out, F9 (Flyball, 9D, EV 100.6 MPH)
Batting: RHB Mike Sterner 0-0: Reached on error, E6 (Groundball, 6M, EV 79.4 MPH)
Batting: SHB Ross Wallace 0-0: Called Strike
0-1: Fly out, F7 (Flyball, 7D, EV 83.8 MPH)
Top of the 8th over - 0 runs, 0 hits, 1 error, 1 left on base; New Westminster 1 - Tri-City 12
BOTTOM OF THE 8TH
Tri-City Dust Devils batting - Pitching for New Westminster Cavalry : RHP Gage Rolon
Now in LF: Jordan Watson
Batting: RHB Yasman Olbera 0-0: Ball
1-0: Called Strike
1-1: Ground out 5-3 (Groundball, 56, EV 104.4 MPH)
Batting: RHB Wesley Yutzy 0-0: Called Strike
0-1: Ball
1-1: Ball
2-1: Swinging Strike
2-2: Ball
3-2: Base on Balls
Batting: LHB Bobby Patton 0-0: Swinging Strike
0-1: Called Strike
0-2: Foul Ball, location: 2F
0-2: Ball
1-2: Strikes out swinging
Batting: RHB Con Lanier 0-0: Ball
1-0: Ball
2-0: SINGLE (Groundball, 6MD, EV 105.0 MPH)
Wesley Yutzy to second
Batting: RHB Sylvester Adams 0-0: Foul Ball, location: 2F
0-1: Ball
1-1: Ball
2-1: Fly out, F7 (Flyball, 7, EV 82.5 MPH)
Bottom of the 8th over - 0 runs, 1 hit, 0 errors, 2 left on base; New Westminster 1 - Tri-City 12
TOP OF THE 9TH
New Westminster Cavalry batting - Pitching for Tri-City Dust Devils : RHP Poseidon Jiménez
Batting: RHB Laurencio Montañez 0-0: Fly out, F4 (Flyball, 34D, EV 80.6 MPH)
Batting: RHB Sebastian McClung 0-0: Foul Ball, location: 2F
0-1: Swinging Strike
0-2: Strikes out swinging
Batting: RHB Moise German 0-0: Ball
1-0: Ground out 4-3 (Groundball, 4D, EV 107.5 MPH)
Top of the 9th over - 0 runs, 0 hits, 0 errors, 0 left on base; New Westminster 1 - Tri-City 12
Thursday, June 6th , 2024 - OOTP Baseball 25.5 Build 67